 Dungeon Crawl Stone Soup version 0.19.0-11-g3fc08b3 (webtiles) character file.

8 Chiseanne the Magician (level 2, 3/19 HPs)
             Began as a Demonspawn Wizard on Nov 9, 2016.
             Quit the game on level 1 of the Dungeon.
             The game lasted 00:01:06 (384 turns).

Chiseanne the Magician (Demonspawn Wizard)           Turns: 384, Time: 00:01:07

Health: 3/19       AC:  2    Str:  7    XL:     2   Next: 0%
Magic:  1/6        EV: 12    Int: 19    God:
Gold:   59         SH:  0    Dex: 11    Spells: 1 memorised, 6 levels left

rFire  . . .     SeeInvis .     h - +0 whip
rCold  . . .     Gourm    .     a - +0 robe
rNeg   . . .     Faith    .     (no shield)
rPois  .         Spirit   .     b - +0 hat
rElec  .         Reflect  .     (no cloak)
rCorr  .         Harm     .     (no gloves)
MR     .....                    (no boots)
Stlth  ++........               (no amulet)
                                (no ring)
                                (no ring)

@: no status effects
A: antennae 1
a: no special abilities


You were on level 1 of the Dungeon.
You were not hungry.

You visited 1 branch of the dungeon, and saw 1 of its levels.

You collected 59 gold pieces.

Inventory:

Hand Weapons
 h - a +0 whip (weapon)
Missiles
 j - 38 stones (quivered)
 l - 19 arrows
Armour
 a - a +0 robe (worn)
 b - a +0 hat (worn)
Jewellery
 m - an uncursed ring of protection from fire {unknown}
Scrolls
 f - a scroll of identify {unknown}
 i - 2 scrolls of amnesia {unknown}
 k - a scroll of enchant armour {unknown}
Potions
 e - a potion of beneficial mutation {unknown}
Books
 c - a book of Minor Magic

   Spells                             Type                      Level
   a - Magic Dart                     Conjuration                  1
   b - Blink                          Translocation                2
   c - Call Imp                       Summoning                    2
   d - Repel Missiles                 Charms/Air                   2
   e - Slow                           Hexes                        2
   f - Conjure Flame                  Conjuration/Fire             3
   g - Mephitic Cloud                 Conjuration/Poison/Air       3
Comestibles
 d - a bread ration
 g - 2 slices of pizza


   Skills:
 - Level 1.7 Dodging
 - Level 1.7 Stealth
 * Level 3.2 Spellcasting
 * Level 1.4 Conjurations
   Level 1.0 Summonings
   Level 0.8 Translocations


You had 6 spell levels left.
You knew the following spells:

 Your Spells              Type           Power        Failure   Level  Hunger
a - Magic Dart            Conj           #...         10%         1    None


Dungeon Overview and Level Annotations

Branches:
Dungeon (1/15)

Altars:


Innate Abilities, Weirdness & Mutations

You have a pair of small antennae on your head.


Message History

Confirm with . or Enter, or press ? or * to list all spells.
You don't have enough magic to cast that spell.
Casting: Magic Dart
Confirm with . or Enter, or press ? or * to list all spells.
You don't have enough magic to cast that spell.
Casting: Magic Dart
Confirm with . or Enter, or press ? or * to list all spells.
You don't have enough magic to cast that spell.
Casting: Magic Dart
Confirm with . or Enter, or press ? or * to list all spells.
You don't have enough magic to cast that spell.
You hit the jackal but do no damage.
The jackal is heavily wounded.
The jackal bites you but does no damage.
You hit the jackal.
You kill the jackal!
You have reached level 2!
Your demonic ancestry asserts itself...
A pair of antennae grows on your head!
Are you sure you want to abandon this character and quit the game? (Confirm with "yes".)

#....#.......#..#
##....#..........# P
+.....#.....#.##.# .. .
#.#.. .........#.# PP #
#.#.# #..........# P. #
###.#.###..[.###.#.# .P #
###............# #.#.# P. #
#####..............###.#.#
P. #
#.............@.....##.#.#
P. #
#...........###..#?###.#.#
♣♣ # #.###)###.#.#
#..#.###.#.# ♣.
###.###.###................#
.P
#........####..###.#.##..#.#
P. #........#
#..##..........# .P
#........# #..##..#.##..###
P. ....###### #..##..#.##..#
.. ##### ###......#.##..####
##


There were no monsters in sight!

Vanquished Creatures
  A dart slug (D:1)
  A goblin (D:1)
  2 jackals (D:1)
  A bat (D:1)
  A rat (D:1)
6 creatures vanquished.

Notes
Turn   | Place    | Note
-------+----------+-------------------------------------------
     0 | D:1      | Chiseanne the Demonspawn Wizard began the quest for the Orb.
     0 | D:1      | Reached XP level 1. HP: 13/13 MP: 4/4
   348 | D:1      | Chiseanne: theres no fucking way you can handle such a situation
   348 | D:1      | Chiseanne: like 15 mobs coming from all the map shooting at you and whats not
   348 | D:1      | Chiseanne: evenif you try to get away they will "search" for you and of course find you
   348 | D:1      | Chiseanne: sucks
   383 | D:1      | Gained mutation: You have a pair of small antennae on your head. [demonic ancestry]
   383 | D:1      | Reached XP level 2. HP: 3/19 MP: 1/6
   384 | D:1      | Quit the game

Action                   || total
-------------------------++-------
Melee: Whip              ||    16
 Cast: Magic Dart        ||    15
Armor: Robe              ||     3
Dodge: Dodged            ||    15
